 Dungeon Crawl Stone Soup version 0.30-a0-782-ge64f9170bb (webtiles) character file.

Game seed: 16760665198530785526

121842 jasper the Severer (level 16, -2/151 HPs)
             Began as a Minotaur Fighter on Feb 18, 2023.
             Was the Champion of Cheibriados.
             Blown up by a sun moth (28 damage)
             ... with a bolt of energy
             ... on level 2 of the Spider Nest.
             The game lasted 00:52:35 (25960 turns).

jasper the Severer (Minotaur Fighter)              Turns: 25960, Time: 00:52:35

Health: -2/151     AC: 21    Str: 38    XL:     16   Next: 33%
Magic:  0/29       EV: 21    Int: 21    God:    Cheibriados [******]
Gold:   1742       SH:  0    Dex: 27    Spells: 6/15 levels left

rFire   + + +      SeeInvis +    Z - +4 executioner's axe (holy)
rCold   + . .      Faith    .    (shield currently unavailable)
rNeg    . . .      Spirit   +    C - +4 moon troll leather armour {Spirit, Regen++ MP+5}
rPois   +          Reflect  .    Y - +4 hat "Ugoisch" {rC+ SInv}
rElec   .          Harm     .    B - +0 cloak
rCorr   .          Rampage  .    l - +1 pair of gloves
Will    +....                    T - +2 pair of boots of the Valley {rF+++ Int-3 SInv}
Stlth   +                        y - amulet of regeneration
HPRegen 2.85/turn                u - ring of see invisible
MPRegen 0.21/turn                W - ring of poison resistance

@: lethally poisoned (-2 -> -9), marked, slowed, glowing, very slow
A: horns 2, retaliatory headbutt
a: Renounce Religion, Bend Time, Temporal Distortion, Slouch, Step From Time


You were on level 2 of the Spider Nest.
You worshipped Cheibriados.
Cheibriados was exalted by your worship.
You visited 4 branches of the dungeon, and saw 24 of its levels.
You also visited: Bailey.

You collected 2797 gold pieces.
You spent 1055 gold pieces at shops.

Inventory:

Hand Weapons
 e - a +0 heavy broad axe
 D - a +2 demon trident of flaming
 Z - a +4 executioner's axe of holy wrath (weapon)
Missiles
 r - 9 boomerangs
Armour
 c - a +1 buckler
 l - a +1 pair of gloves (worn)
 B - a +0 cloak (worn)
 C - the +4 moon troll leather armour (worn) {Spirit, Regen++ MP+5}
   (You found it on level 1 of the Spider Nest)

   MP:        It affects your magic capacity (+5).
   Regen:     It increases your rate of health regeneration.
 F - a +0 pair of boots of flying
 M - +1 acid dragon scales
 T - the +2 pair of boots of the Valley (worn) {rF+++ Int-3 SInv}
   (You found it on level 14 of the Dungeon)

   Int:       It affects your intelligence (-3).
   rF:        It renders you almost immune to fire.
   SInv:      It lets you see invisible.
 Y - the +4 hat "Ugoisch" (worn) {rC+ SInv}
   (You acquired it on level 2 of the Lair of Beasts)

   rC:        It protects you from cold.
   SInv:      It lets you see invisible.
Jewellery
 a - a ring of fire
 d - an amulet of the acrobat
 n - a ring of ice
 s - a ring of resist corrosion
 u - a ring of see invisible (left hand)
 v - a +4 ring of protection
 y - an amulet of regeneration (around neck)
 W - a ring of poison resistance (right hand)
Wands
 L - a wand of flame (27)
 N - a wand of mindburst (12)
 O - a wand of charming (14)
 Q - a wand of digging (6)
 S - a wand of polymorph (14)
 U - a wand of roots (2)
Scrolls
 h - 4 scrolls of torment
 j - 12 scrolls of teleportation
 q - a scroll of silence
 t - 4 scrolls of fear
 w - 11 scrolls of enchant armour
 x - 6 scrolls of blinking
 z - 7 scrolls of magic mapping
 E - 3 scrolls of fog
 H - 2 scrolls of poison
 J - 4 scrolls of amnesia
 K - 16 scrolls of identify
 R - 3 scrolls of vulnerability
Potions
 b - 2 potions of cancellation
 f - 5 potions of degeneration
 g - 9 potions of flight
 i - 6 potions of heal wounds
 k - 15 potions of curing
 m - 8 potions of mutation
 o - a potion of resistance
 p - 9 potions of ambrosia
 A - 5 potions of brilliance
 G - a potion of attraction
 I - 6 potions of lignification
 P - 3 potions of magic
 V - 2 potions of might
 X - 4 potions of invisibility


   Skills:
 - Level 16.0 Fighting
 - Level 18.0 Axes
 - Level 10.1 Armour
 - Level 10.0 Dodging
 - Level 4.8 Shields
 - Level 4.0 Conjurations
 + Level 8.3 Translocations
 - Level 4.0 Air Magic
 - Level 4.0 Poison Magic
 - Level 13.0 Invocations


You had 6 spell levels left.
You knew the following spells:

 Your Spells              Type           Power      Damage    Failure   Level
a - Blink                 Tloc           70%        N/A       1%          2
b - Manifold Assault      Tloc           35%        N/A       6%          4
c - Mephitic Cloud        Conj/Pois/Air  16%        N/A       11%         3

Your spell library contained the following spells:

 Spells                   Type           Power      Damage    Failure   Level
 Lesser Beckoning         Tloc           70%        N/A       1%          2
 Gell's Gravitas          Tloc           35%        N/A       1%          3
 Teleport Other           Tloc           35%        N/A       1%          3
 Poisonous Vapours        Pois/Air       32%        N/A       5%          2
 Cigotuvi's Dreadful Rot  Necr/Pois/Air  22%        N/A       10%         2
 Freeze                   Ice            0%         1d3       19%         1
 Slow                     Hex            0%         N/A       19%         1
 Hailstorm                Conj/Ice       8%         3d4       26%         3
 Scorch                   Fire           0%         2d5       28%         2
 Confusing Touch          Hex            0%         N/A       50%         3
 Frozen Ramparts          Ice            0%         1d1       50%         3
 Vampiric Draining        Necr           0%         2d6       50%         3
 Flame Wave               Conj/Fire      8%         2d5       63%         4
 Summon Forest            Summ/Tloc      8%         N/A       67%         5
 Iskenderun's Battlesphe  Conj           16%        2d7       71%         5
 Ice Form                 Ice/Tmut       0%         N/A       88%         4
 Summon Ice Beast         Ice/Summ       0%         N/A       88%         4
 Fireball                 Conj/Fire      4%         3d4       93%         5
 Summon Mana Viper        Hex/Summ       0%         N/A       99%         5
 Conjure Ball Lightning   Conj/Air       8%         3x3d6     99%         6
 Summon Cactus Giant      Summ           0%         N/A       100%        6
 Orb of Destruction       Conj           8%         9d6       100%        7
 Storm Form               Tmut/Air       4%         N/A       100%        7


Dungeon Overview and Level Annotations

Branches:
Dungeon (15/15)            Temple (0/1) D:6            Lair (5/5) D:10
  Swamp (0/4) Lair:3       Spider (2/4) Lair:2          Orc (2/2) D:11
    Elf (0/3) Orc:2        Vaults (0/5) D:13         Depths (0/4) D:15
 Bailey (visited)
  Slime: Lair:4-5

Altars:
Cheibriados
Elyvilon
Gozag
Kikubaaqudgha
Makhleb
Nemelex Xobeh
Okawaru
Ru
Uskayaw
Yredelemnul
Jiyva

Shops:
D:1 [   D:12 !   D:14 [?(   Orc:2 ![((

Annotations:
D:4 2 transporters
Lair:5 exclusion: oklob plant
Spider:2 Aizul
Orc:2 exclusion: upstairs


Innate Abilities, Weirdness & Mutations

You have a pair of horns on your head.
You reflexively headbutt those who attack you in melee.


Message History

Activating: Slouch (1% risk of failure)
Press: ? - help, Dir - look around, f - activate You can feel time thicken for a moment.
The redback simulacrum vaporises!
You kill the wolf spider!
Cheibriados thoroughly appreciates the change of pace.
The culicivora simulacrum vaporises!
The jumping spider simulacrum vaporises!
The tarantella simulacrum vaporises!
The wolf spider simulacrum vaporises!
The tarantella simulacrum vaporises!
The redback simulacrum vaporises! x2
You kill the demonic crawler!
Cheibriados thoroughly appreciates the change of pace.
The redback simulacrum vaporises!
The tarantella simulacrum vaporises!
The culicivora simulacrum vaporises! x2; The tarantella simulacrum vaporises! x2
The redback simulacrum vaporises!
The tarantella simulacrum vaporises!
A freezing mist starts to gather...
A wolf spider simulacrum comes into view.
You feel extremely sick.
Aizul says, "They said they'd gotten someone better!"
Aizul casts a spell at you. The bolt of poison misses you.
The sun moth throws sticky fire at you. The sticky flame misses you.
Aizul moans, "No job prospects!
Who wants sleepy Aizul to guard their treasure?"
Aizul hits you!
* * * LOW HITPOINT WARNING * * *
A jumping spider simulacrum comes into view.
The sun moth throws sticky fire at you. The sticky flame misses you.
The sun moth bites you but does no damage.
Aizul casts a spell at you. The poison arrow hits you!!
You are more poisoned.
You partially resist.
* * * LOW HITPOINT WARNING * * *
You take 40 damage, and have 8/151 hp.
MASSIVE DAMAGE!!
You now have 0/29 mp.
You feel much better.
You feel extremely sick. The sun moth throws energy at you.
The bolt of energy hits you!!
You die...

### ##.## ####...###
#.#......## # .
#....#.#..#
....#......#..##
#.....<.#..#..##
......°.#^y#....#
.........@S...^.## ##
......#.†y°.°....#..###
.#....#>.Zw..°^......^#
#..#s...........#.#.##
....^.#○○○#†°○...#..#
#..?..○.....#.#......^
...#...○..°.......###
.. .°..$○..#...#....
................#


You could see Aizul (soul bound), 2 sun moths, a torpor snail (soul bound), a
demonic crawler and a wolf spider simulacrum.

Vanquished Creatures
  Rupert (D:12)
  An orc warlord (Orc:2)
  Nessos (Lair:4)
  An ettin (Orc:1)
  Josephine (Orc:1)
  2 fire dragons (D:15)
  An entropy weaver (Spider:1)
  5 hydras
  Fannar (Orc:1)
  2 ogre magi
  A catoblepas (Lair:4)
  2 vault guards (Bailey)
  2 boulder beetles
  4 centaur warriors
  12 two-headed ogres
  A death knight (D:14)
  A merfolk avatar (Lair:5)
  10 death yaks
  2 orc high priests
  Urug (Lair:5)
  2 tengu warriors
  Sonja (D:12)
  4 sea snakes (Lair:5)
  5 skeletal warriors
  2 skysharks
  2 pharaoh ants
  An orb spider (Spider:1)
  A wizard (D:13)
  A phantasmal warrior (D:14)
  4 orc knights
  4 wolf spiders
  6 orc sorcerers
  A deep elf pyromancer (D:15)
  A necromancer (D:13)
  4 steelbarb worms (Spider:1)
  9 manticores
  15 ugly things
  A moth of wrath (Spider:1)
  Joseph (D:8)
  4 cyclopes
  7 elephants (Lair:5)
  10 black mambas
  2 torpor snails
  A demonic crawler (Spider:2)
  3 gargoyles
  13 cane toads
  Maggie (D:8)
  3 rime drakes
  2 unseen horrors
  A kobold demonologist (D:10)
  A komodo dragon (shapeshifter) (D:8)
  A tengu conjurer (D:15)
  7 komodo dragons
  9 trolls
  5 polar bears
  A tyrant leech (Lair:3)
  A queen bee (Lair:2)
  3 hornets
  A wolf spider simulacrum (D:15)
  Prince Ribbit (Bailey)
  2 dream sheep (Lair:5)
  11 tarantellas
  18 blink frogs
  8 jumping spiders
  A snapping turtle (Lair:5)
  6 culicivoras
  3 slime creatures (D:13)
  2 vampires (D:11)
  A shadow (D:13)
  7 wraiths
  8 wyverns
  51 yaks
  Grum (D:8)
  5 basilisks
  13 vampire mosquitoes
  7 humans
  17 redbacks
  8 steam dragons
  3 wargs (Orc:2)
  An acid dragon (D:11)
  11 water moccasins
  42 orc warriors
  4 black bears
  A sky beast (D:8)
  12 wolves
  9 ogres
  29 centaurs
  A phantom (D:6)
  5 kobold brigands
  25 bullfrogs
  A necrophage (D:8)
  2 gnoll sergeants
  2 scorpions
  3 wights (D:8)
  24 killer bees
  2 howler monkeys
  3 electric eels
  A jelly (D:7)
  27 orc priests
  8 hounds
  5 iguanas
  7 hell rats (Lair:1)
  21 orc wizards
  Robin (D:2)
  20 gnolls
  10 adders
  2 shadow imps
  A white imp (D:8)
  2 ufetubi
  3 worms
  2 dart slugs
  70 orcs
  8 ball pythons
  8 bats
  5 bat skeletons (D:6)
  6 endoplasms
  6 giant cockroaches
  20 goblins
  11 hobgoblins
  4 jackals (D:3)
  16 kobolds
  3 quokkas
  A frilled lizard (D:1)
  A goblin skeleton (D:10)
  A jackal skeleton (D:10)
  6 rats
819 creatures vanquished.

Vanquished Creatures (others)
  A phantasmal warrior (D:14)
  An orc wizard (Orc:2)
  43 fungi
  71 plants
116 creatures vanquished.

Grand Total: 935 creatures vanquished

Notes
Turn   | Place    | Note
-------+----------+-------------------------------------------
     0 | D:1      | jasper the Minotaur Fighter began the quest for the Orb.
     0 | D:1      | Reached XP level 1. HP: 19/19 MP: 0/0
    94 | D:1      | Reached XP level 2. HP: 27/27 MP: 1/1
   106 | D:1      | Reached skill level 3 in Axes
   386 | D:1      | Found Tequidyf's Armour Boutique.
   475 | D:1      | Reached XP level 3. HP: 33/33 MP: 2/2
  1084 | D:2      | Found an ancient bone altar of Kikubaaqudgha.
  1437 | D:2      | Reached skill level 4 in Axes
  1451 | D:2      | Reached XP level 4. HP: 40/40 MP: 3/3
  1460 | D:2      | Noticed Robin
  1470 | D:2      | Killed Robin
  1739 | D:2      | You fall into a shaft and drop 2 floors!
  1739 | D:4      | Found a transporter.
  1818 | D:4      | Noticed a scorpion
  1831 | D:4      | Killed a scorpion
  1832 | D:4      | Reached XP level 5. HP: 47/47 MP: 4/4
  1964 | D:4      | Reached skill level 5 in Axes
  2106 | D:5      | Entered Level 5 of the Dungeon
  2113 | D:4      | Reached skill level 5 in Fighting
  2113 | D:4      | Reached skill level 5 in Armour
  2117 | D:5      | Reached XP level 6. HP: 50/56 MP: 5/5
  2226 | D:5      | Reached skill level 6 in Axes
  2526 | D:3      | Reached XP level 7. HP: 62/62 MP: 6/6
  2822 | D:2      | Found a faded altar of an unknown god.
  3161 | D:3      | Reached skill level 7 in Axes
  3170 | D:3      | Found a snail-covered altar of Cheibriados.
  3212 | D:3      | Became a worshipper of Cheibriados the Contemplative
  3452 | D:4      | Found a transporter.
  3454 | D:4      | Noticed a fire bat
  3631 | D:4      | Found a white marble altar of Elyvilon.
  4599 | D:5      | Reached skill level 8 in Axes
  4769 | D:6      | Reached XP level 8. HP: 41/71 MP: 7/7
  4991 | D:6      | Found a staircase to the Ecumenical Temple.
  5090 | D:6      | Found an opulent altar of Gozag.
  5380 | D:6      | Reached * piety under Cheibriados
  5388 | D:6      | Found an ancient bone altar of Kikubaaqudgha.
  5564 | D:6      | Reached skill level 9 in Axes
  5775 | D:7      | Found a flagged portal.
  5785 | Bailey   | Entered a bailey
  5807 | Bailey   | Reached ** piety under Cheibriados
  5812 | Bailey   | Reached skill level 10 in Axes
  5820 | Bailey   | Reached XP level 9. HP: 62/81 MP: 8/8
  5906 | Bailey   | Reached skill level 11 in Axes
  5974 | Bailey   | Reached skill level 1 in Invocations
  5994 | Bailey   | Noticed a vault guard
  6005 | Bailey   | Killed a vault guard
  6006 | Bailey   | Reached skill level 12 in Axes
  6065 | Bailey   | Noticed Prince Ribbit
  6065 | Bailey   | Noticed a vault guard
  6073 | Bailey   | Killed Prince Ribbit
  6079 | Bailey   | Killed a vault guard
  6080 | Bailey   | Reached XP level 10. HP: 53/91 MP: 9/11
  6684 | D:8      | Reached *** piety under Cheibriados
  6916 | D:8      | Reached skill level 13 in Axes
  6929 | D:8      | Noticed Grum
  6934 | D:8      | Killed Grum
  6935 | D:8      | Reached skill level 10 in Fighting
  6937 | D:8      | Reached skill level 10 in Armour
  6961 | D:8      | Reached **** piety under Cheibriados
  7025 | D:8      | Noticed a purple ugly thing
  7031 | D:8      | Reached skill level 1 in Dodging
  7038 | D:8      | Killed a purple ugly thing
  7115 | D:8      | Reached XP level 11. HP: 92/101 MP: 13/13
  7221 | D:8      | Noticed a two-headed ogre
  7228 | D:8      | Killed a two-headed ogre
  7229 | D:8      | Reached skill level 14 in Axes
  7229 | D:8      | Reached skill level 5 in Invocations
  7614 | D:8      | Noticed Maggie
  7619 | D:8      | Killed Maggie
  7880 | D:8      | Noticed Joseph
  7890 | D:8      | Killed Joseph
  8018 | D:9      | Noticed a two-headed ogre
  8020 | D:9      | Killed a two-headed ogre
  8074 | D:9      | Reached ***** piety under Cheibriados
  8081 | D:9      | Learned a level 2 spell: Blink
  8086 | D:9      | Learned a level 4 spell: Manifold Assault
  8104 | D:9      | Learned a level 3 spell: Mephitic Cloud
  8413 | D:9      | Found an iron altar of Okawaru.
  8994 | D:10     | Entered Level 10 of the Dungeon
  9025 | D:10     | Found a runed translucent door.
  9025 | D:10     | Noticed a two-headed ogre
  9035 | D:10     | Killed a two-headed ogre
  9036 | D:10     | Reached skill level 15 in Axes
  9056 | D:10     | Found a basalt altar of Yredelemnul.
  9082 | D:10     | Found a staircase to the Lair.
  9147 | D:10     | Found a sacrificial altar of Ru.
  9869 | D:11     | Found a staircase to the Orcish Mines.
 10056 | D:11     | Reached skill level 5 in Dodging
 10078 | D:11     | Reached XP level 12. HP: 90/111 MP: 15/15
 10275 | D:11     | Reached ****** piety under Cheibriados
 11447 | Lair:1   | Entered Level 1 of the Lair of Beasts
 11577 | Lair:1   | Reached skill level 16 in Axes
 12570 | Lair:2   | Reached skill level 17 in Axes
 12741 | Lair:2   | Reached XP level 13. HP: 94/119 MP: 18/18
 12835 | Lair:2   | Found a hole to the Spider Nest.
 13363 | Lair:2   | Identified a scroll of acquirement
 13364 | Lair:2   | Acquired the +4 hat "Ugoisch" {rC+ SInv}
 14204 | Lair:3   | Found a staircase to the Swamp.
 15025 | Lair:4   | Noticed Nessos
 15028 | Lair:4   | Killed Nessos
 15029 | Lair:4   | Reached skill level 18 in Axes
 16159 | Orc:1    | Entered Level 1 of the Orcish Mines
 16167 | Orc:1    | Reached skill level 10 in Invocations
 16419 | Orc:2    | Entered Level 2 of the Orcish Mines
 16419 | Orc:2    | Found a staircase to the Elven Halls.
 16542 | Orc:1    | Noticed an ettin
 16688 | Orc:2    | Reached XP level 14. HP: 83/132 MP: 20/20
 16839 | Orc:2    | Found Isedofobb's Weapon Boutique.
 16839 | Orc:2    | Found Esycae's Armour Shoppe.
 16841 | Orc:2    | Found Vaigub's Weapon Shop.
 16843 | Orc:2    | Found Xaheutsi's Distillery.
 16847 | Orc:2    | Bought a +0 pair of boots of flying for 149 gold pieces
 16857 | Orc:2    | Bought 2 potions of lignification for 66 gold pieces
 16857 | Orc:2    | Bought a potion of curing for 33 gold pieces
 16857 | Orc:2    | Bought a potion of curing for 33 gold pieces
 16857 | Orc:2    | Bought a potion of lignification for 33 gold pieces
 16857 | Orc:2    | Bought a potion of heal wounds for 55 gold pieces
 16889 | Orc:2    | Noticed an orc warlord
 16898 | Orc:2    | Killed an orc warlord
 17041 | Orc:2    | Paralysed by an orc sorcerer for 4 turns
 17121 | Orc:2    | Found a runed translucent door.
 17420 | Orc:2    | Paralysed by an orc sorcerer for 3 turns
 17442 | Orc:2    | Reached skill level 10 in Dodging
 17639 | Orc:1    | Noticed Fannar
 17656 | Orc:1    | Killed Fannar
 17781 | Orc:1    | Found a burning altar of Makhleb.
 17781 | Orc:1    | Noticed Josephine
 17789 | Orc:1    | Killed Josephine
 18127 | Lair:5   | Entered Level 5 of the Lair of Beasts
 18164 | Lair:5   | Reached skill level 15 in Fighting
 18376 | Lair:5   | HP: 5/135 [poisoned by a sea snake]
 18380 | Lair:5   | HP: 2/135 [poisoned by a sea snake]
 18385 | Lair:5   | HP: 3/135 [poisoned by a sea snake]
 18390 | Lair:5   | HP: 6/135 [poisoned by a sea snake]
 18789 | Lair:5   | Reached skill level 1 in Translocations
 19126 | Lair:5   | Acquired a +2 executioner's axe of holy wrath
 19274 | Lair:5   | Identified the +11 quarterstaff of Vink {flame, rN+}
 19485 | Lair:5   | Reached skill level 1 in Conjurations
 19485 | Lair:5   | Reached skill level 1 in Air Magic
 19485 | Lair:5   | Reached skill level 1 in Poison Magic
 19532 | Lair:5   | Reached XP level 15. HP: 132/143 MP: 23/23
 19567 | Lair:5   | Noticed Urug
 19572 | Lair:5   | Killed Urug
 19749 | Lair:5   | Found a viscous altar of Jiyva.
 20195 | D:12     | Found Ovuwadoh's Distillery.
 20200 | D:12     | Noticed Rupert
 20211 | D:12     | Killed Rupert
 20230 | D:12     | Bought a potion of heal wounds for 65 gold pieces
 20230 | D:12     | Bought a potion of cancellation for 104 gold pieces
 20230 | D:12     | Bought a potion of invisibility for 104 gold pieces
 20230 | D:12     | Bought a potion of curing for 39 gold pieces
 20637 | D:12     | Noticed Sonja
 20639 | D:12     | Killed Sonja
 20650 | D:12     | Found a hide-covered altar of Uskayaw.
 21071 | D:13     | Found a gate to the Vaults.
 22497 | D:14     | Found Husare's Magic Scroll Boutique.
 22502 | D:14     | Bought a scroll of enchant armour for 112 gold pieces
 22502 | D:14     | Bought a scroll of fog for 60 gold pieces
 22502 | D:14     | Bought a scroll of fear for 60 gold pieces
 22502 | D:14     | Bought a scroll of torment for 142 gold pieces
 22511 | D:14     | Found Nerea's Weapon Boutique.
 22675 | D:14     | Found Jil Pesaz's Armour Shop.
 23064 | D:14     | Identified the +2 pair of boots of the Valley {rF+++ Int-3
                  | SInv}
 23193 | D:15     | Entered Level 15 of the Dungeon
 23417 | D:15     | Reached skill level 5 in Translocations
 23781 | D:15     | Found a sparkling altar of Nemelex Xobeh.
 23977 | D:15     | Reached XP level 16. HP: 151/151 MP: 24/24
 24065 | D:15     | Found a staircase to the Depths.
 24441 | Spider:1 | Entered Level 1 of the Spider Nest
 24853 | Spider:1 | Identified the +2 scimitar of Dominance {heavy, rF+ rN++}
 25639 | Spider:1 | Found the +4 moon troll leather armour {Spirit, Regen++
                  | MP+5}
 25953 | Spider:2 | Noticed Aizul
 25960 | Spider:2 | Blown up by a sun moth

Illustrated notes

Levels and vault maps discovered:
D:1:      dpeg_arrival_boxes_within_box, layout_basic, serial_shops,
          nicolae_diamond_shop
D:2:      layout_loops_ring, chequers_ecumenical_altar_lobes, basic_altar,
          minmay_cupped, uniq_robin
D:3:      layout_loops_ring, mainiacjoe_overflow_cross_hatched
D:4:      gammafunk_cloud_chamber, layout_gridville,
          nicolae_elyvilon_temple_path
D:5:      layout_loops_ring
D:6:      minmay_inner_zag, layout_loops_ring, kennysheep_vampire_church,
          mainiacjoe_overflow_catwalk, minmay_temple_entry_poolview
D:7:      layout_rooms, enter_bailey_3, grunt_decor_arrowhead
D:8:      minmay_imperfect_grid, layout_rooms, uniq_grum, uniq_joseph,
          uniq_prince_ribbit1, uniq_maggie
D:9:      layout_basic, nicolae_overflow_crystal_walls
D:10:     layout_gridville, dk_yredelemnul_ordeal,
          nicolae_ru_sacrificial_ziggurat, dpeg_oklobed_lair
D:11:     layout_layer_cave, orc_0_dummy, nicolae_hexahallways,
          minmay_fractal_squares_gapless_7
D:12:     layout_cave_pools, nicolae_stop_n_shop_2, nicolae_uskayaw_suspiria,
          uniq_sonja, uniq_rupert
D:13:     layout_basic, david_vaults_1
D:14:     layout_roguey, minmay_large_rounded_square, serial_shops,
          shop_fountains, shop, nicolae_shop_trees
D:15:     grunt_enter_depths_hoard, layout_rooms, nicolae_figureground_sparkle,
          nemelex_xobeh_ov_fountains_minmay
Lair:1:   layout_long_grid, minivault_24, grunt_megastairs_2
Lair:2:   layout_long_grid, spider_nest_entry_web_field, special_room
          [special_room_bee]
Lair:3:   layout_roguey, palyth_hydra_swamp_entry, serial_bayou_shore_a,
          lemuel_fruit_fields
Lair:4:   layout_loops_ring, st_stairs_11, uniq_nessos
Lair:5:   gammafunk_lair_ancient_temple, layout_regular_city,
          minmay_slime_entry_oklob_enclosed, st_stairs_7,
          chequers_serial_rivers_micro_c, uniq_urug
Spider:1: layout_chambers
Spider:2: layout_spider_delve, einodemon_crawler_minivault, uniq_aizul
Orc:1:    layout_caves, special_room [special_room_orc], bloody_makhleb,
          uniq_fannar, uniq_josephine
Orc:2:    st_orc_rangers, layout_diamond_mine, lightli_church_of_beogh

Skill      XL: |  1  2  3  4  5  6  7  8  9 10 11 12 13 14 15 16 |
---------------+-------------------------------------------------+-----
Axes           | 3 4 5 6 8 10 12 13 15 17 18 | 18.0
Armour         | 4 5 6 7 9 10 | 10.1
Fighting       | 4 5 6 7 9 10 11 12 14 15 16 | 16.0
Invocations    | 3 4 6 8 10 13 | 13.0
Dodging        | 1 5 7 9 10 | 10.0
Shields        | 4 |  4.8
Translocations | 2 6 8 |  8.3
Conjurations   | 1 4 |  4.0
Air Magic      | 1 4 |  4.0
Poison Magic   | 1 4 |  4.0

Action                     |  1- 3 |  4- 6 |  7- 9 | 10-12 | 13-15 | 16-18 || total
---------------------------+-------+-------+-------+-------+-------+-------++-------
  Melee: War axe           |    90 |    28 |       |       |       |       ||   118
         Headbutt          |    15 |     4 |    48 |    77 |   161 |    17 ||   322
         Trident           |       |    34 |   315 |       |    30 |       ||   379
         Broad axe         |       |       |    11 |   370 |   436 |       ||   817
         Unarmed           |       |       |       |     4 |       |       ||     4
         Executioner's axe |       |       |       |       |   201 |    76 ||   277
   Fire: Sling             |     3 |    16 |       |       |       |       ||    19
  Throw: Stone             |     3 |     3 |    34 |     3 |    24 |       ||    67
         Boomerang         |       |       |       |       |    58 |     9 ||    67
   Cast: Manifold Assault  |       |       |       |       |       |    14 ||    14
 Invoke: Slouch            |       |       |       |       |    13 |     2 ||    15
  Evoke: Wand              |       |       |       |     2 |     5 |       ||     7
    Use: Scroll            |     7 |       |    14 |     9 |     6 |       ||    36
         Potion            |       |     2 |     3 |     1 |     1 |     1 ||     8
   Stab: Distracted        |       |       |       |     2 |     1 |       ||     3
         Sleeping          |       |       |       |       |     1 |       ||     1
 Armour: Scale mail        |    36 |    22 |    52 |       |       |       ||   110
         Chain mail        |       |       |    72 |     6 |       |       ||    78
         Plate armour      |       |       |       |   166 |       |       ||   166
         Acid dragon scale |       |       |       |    26 |   265 |    28 ||   319
         Troll leather arm |       |       |       |       |       |    27 ||    27
  Dodge: Dodged            |    39 |    24 |    95 |   247 |   727 |   165 ||  1297
  Block: Buckler           |    23 |     6 |    65 |   157 |   261 |       ||   512

Table legend: (Time is in decaauts)
 A = Elapsed time spent in this place.
 B = Non-inter-level travel time spent in this place.
 C = Inter-level travel time spent in this place.
 D = Time resting spent in this place.
 E = Time spent auto-exploring this place.
 F = Levels seen in this place.
 G = Mean time per level.
                   A        B        C        D        E       F      G
               +--------+--------+--------+--------+--------+-----+--------+
         Total |  38661 |  35888 |   2773 |   4996 |  24801 |  25 | 1546.4 |
       Dungeon |  21875 |  20348 |   1527 |   2796 |  14354 |  15 | 1458.3 |
          Lair |  11019 |   9945 |   1074 |   1581 |   6799 |   5 | 2203.8 |
   Spider Nest |   2507 |   2429 |     78 |    102 |   2013 |   2 | 1253.5 |
  Orcish Mines |   2853 |   2761 |     92 |    428 |   1600 |   2 | 1426.5 |
        Bailey |    405 |    405 |      0 |     89 |     33 |   1 |  405.0 |
               +--------+--------+--------+--------+--------+-----+--------+

Top non-repeatable levels by time:
    D:11: 3196 daAuts
  Lair:5: 2622 daAuts
  Lair:3: 2549 daAuts
Spider:1: 2449 daAuts
  Lair:1: 2241 daAuts
    D:13: 1951 daAuts
  Lair:4: 1870 daAuts
     D:9: 1858 daAuts
     D:8: 1857 daAuts
   Orc:2: 1772 daAuts
  Lair:2: 1735 daAuts
    D:14: 1649 daAuts
    D:10: 1547 daAuts
    D:15: 1540 daAuts
     D:5: 1358 daAuts
